 Dungeon Crawl Stone Soup version 0.26.1-2-gb8aa6d0cf2 (webtiles) character file.

Game seed: 17467815261895156422

636 Ladykiller69 the Skirmisher (level 7, 0/75 HPs)
             Began as an Ogre Fighter on Mar 19, 2021.
             Killed from afar by an orc wizard (9 damage)
             ... with a puff of flame
             ... on level 3 of the Dungeon.
             The game lasted 00:07:02 (5102 turns).

Ladykiller69 the Skirmisher (Ogre Fighter)          Turns: 5102, Time: 00:07:02

Health: 0/75       AC:  4    Str: 21    XL:     7   Next: 50%
Magic:  7/7        EV:  9    Int:  9    God:
Gold:   156        SH:  9    Dex: 10    Spells: 6/6 levels left

rFire    . . .     SeeInvis .   a - +0 war axe
rCold    . . .     Faith    .   c - +0 kite shield
rNeg     . . .     Spirit   .   b - +0 robe
rPois    .         Reflect  .   (helmet restricted)
rElec    .         Harm     .   j - +0 cloak
rCorr    .         Rampage  .   (gloves unavailable)
Will     .....                  (boots unavailable)
Stlth    +.........             (no amulet)
HPRegen  0.22/turn              (no ring)
MPRegen  0.10/turn              (no ring)

@: brilliant
A: large, unfitting armour, tough skin 1
a: no special abilities


You were on level 3 of the Dungeon.
You visited 1 branch of the dungeon, and saw 4 of its levels.

You collected 156 gold pieces.

Inventory:

Hand Weapons
 a - a +0 war axe (weapon)
Missiles
 r - 5 curare-tipped darts (quivered)
Armour
 b - a +0 robe (worn)
 c - a +0 kite shield (worn)
 j - a +0 cloak (worn)
Jewellery
 e - an uncursed amulet of regeneration {unknown}
 k - an uncursed ring of magical power {unknown}
 y - an uncursed ring of poison resistance {unknown}
Scrolls
 i - 2 scrolls of teleportation {unknown}
 m - 2 scrolls of amnesia {unknown}
 o - 6 scrolls of remove curse {unknown}
 p - 2 scrolls of blinking {unknown}
 q - 6 scrolls of identify {unknown}
 s - a scroll of enchant armour {unknown}
 t - a scroll of magic mapping {unknown}
 u - 2 scrolls of enchant weapon {unknown}
 z - a scroll of immolation {unknown}
Potions
 d - 2 potions of might
 f - 2 potions of brilliance
 g - a potion of attraction {unknown}
 h - 2 potions of haste {unknown}
 l - 2 potions of heal wounds {unknown}
 n - 2 potions of curing {unknown}
 v - a potion of lignification {unknown}
 w - a potion of berserk rage {unknown}
 x - a potion of magic {unknown}


   Skills:
 + Level 6.0 Fighting
 * Level 5.3 Axes
 + Level 4.2 Dodging
 + Level 4.1 Shields


You had 6 spell levels left.
You didn't know any spells.
Your spell library was empty.

Dungeon Overview and Level Annotations

Branches:
Dungeon (4/15)
 Temple: D:4-7

Altars:
Gozag
Hepliaklqana
Ru
Sif Muna
Trog
Xom


Innate Abilities, Weirdness & Mutations

You are too large for most types of armour.
You have tough skin. (AC +1)


Message History

You hit the orc wizard but do no damage.
The orc wizard is severely wounded.
The orc wizard hits you but does no damage.
You slash the orc wizard!
You kill the orc wizard!
You slash something! Something hits you but does no damage.
You miss something. You barely miss the phantom.
Something hits you but does no damage. The phantom hits you!
* * * LOW HITPOINT WARNING * * *
You hear some strange, mumbled words.
A magic dart appears from out of thin air!
The magic dart hits you!
* * * LOW HITPOINT WARNING * * *
The phantom hits you but does no damage.
It was a potion of brilliance.
You feel clever all of a sudden.
You hear some strange, mumbled words.
A puff of flame appears from out of thin air!
The puff of flame hits you!
You die...

#.#####################...(.#
#.........................(..
######.......................
#.########.....###.....# #.#
#.....# ######. #.#
###.....########) #.#
#...............) #[#
####{............... #.#
#..@#############... #.#
#..W###### #...
#.###....†...# #...
#............# #...
#............# #...
#............# #.≈≈
#)...........# #...
#............# #...
#............# #...


You could see a phantom.

Vanquished Creatures
  2 ogres (D:4)
  A scorpion (D:4)
  A hound (D:4)
  3 orc priests
  3 orc wizards
  A centaur skeleton (D:4)
  A gnoll (D:1)
  6 adders
  An ooze (D:2)
  An adder skeleton (D:4)
  2 dart slugs (D:1)
  A leopard gecko (D:2)
  27 orcs
  6 ball pythons
  A bat (D:1)
  8 giant cockroaches
  8 goblins
  9 hobgoblins
  2 jackals (D:1)
  5 kobolds
  A quokka (D:4)
  7 frilled lizards
  7 rats
104 creatures vanquished.

Notes
Turn   | Place    | Note
-------+----------+-------------------------------------------
     0 | D:1      | Ladykiller69 the Ogre Fighter began the quest for the Orb.
     0 | D:1      | Reached XP level 1. HP: 24/24 MP: 1/1
   160 | D:1      | Reached XP level 2. HP: 31/32 MP: 2/2
   406 | D:1      | Reached XP level 3. HP: 40/40 MP: 3/3
  1222 | D:2      | Found a bloodstained altar of Trog.
  1344 | D:2      | Reached XP level 4. HP: 49/49 MP: 4/4
  1840 | D:2      | You fall into a shaft and drop 1 floor!
  2071 | D:2      | Reached XP level 5. HP: 8/55 MP: 5/5
  2091 | D:2      | HP: 2/55 [poisoned by an orc]
  2575 | D:2      | Reached skill level 5 in Fighting
  2819 | D:3      | Found an opulent altar of Gozag.
  2820 | D:3      | Found a hazy altar of Hepliaklqana.
  2821 | D:3      | Found a shimmering blue altar of Sif Muna.
  2823 | D:3      | Found a shimmering altar of Xom.
  3042 | D:3      | Reached XP level 6. HP: 37/66 MP: 6/6
  4494 | D:4      | Reached XP level 7. HP: 49/74 MP: 7/7
  4622 | D:4      | Found a sacrificial altar of Ru.
  4677 | D:4      | Reached skill level 5 in Axes
  5082 | D:4      | Reached skill level 6 in Fighting
  5102 | D:3      | Killed from afar by an orc wizard

Illustrated notes

Levels and vault maps discovered:
D:1:      dpeg_arrival_rooms_c, layout_rooms
D:2:      layout_basic, lightli_temple_of_fire
D:3:      layout_basic, minitemple, serial_rivers,
          chequers_serial_rivers_micro_e, chequers_serial_rivers_micro_a,
          chequers_serial_rivers_room_b, chequers_serial_rivers_micro_c,
          portal_sewer_entry_e
D:4:      layout_basic, overflow_temple_1_default, fedhas_altar_fruit_tree,
          kennysheep_little_box, serial_shops, nicolae_shop_statue_plus,
          minivault_1, st_stairs_6

Skill      XL: |  1  2  3  4  5  6  7 |
---------------+----------------------+-----
Dodging        | 3 4 |  4.2
Shields        | 3 4 |  4.1
Axes           | 3 4 5 |  5.3
Fighting       | 5 6 |  6.0

Action                   |  1- 3 |  4- 6 |  7- 9 || total
-------------------------+-------+-------+-------++-------
Melee: War axe           |    96 |   202 |    51 ||   349
Throw: Dart              |       |     3 |     1 ||     4
  Use: Potion            |       |       |     1 ||     1
Armor: Robe              |    25 |    41 |    17 ||    83
Dodge: Dodged            |    29 |    99 |    12 ||   140
Block: Kite shield       |    45 |    99 |    15 ||   159
